 Dungeon Crawl Stone Soup version 0.30-a0-583-g19bae12e61 (webtiles) character file.

Game seed: 16020662783289745486

56 Citaku the Trooper (level 3, -2/31 HPs)
             Began as a Demonspawn Wanderer on Jan 1, 2023.
             Slain by Jessica
             ... wielding a +0 dagger
              (3 damage)
             ... on level 2 of the Dungeon.
             The game lasted 00:06:39 (1463 turns).

Citaku the Trooper (Demonspawn Wanderer)            Turns: 1463, Time: 00:06:39

Health: -2/31      AC:  6    Str: 16    XL:     3   Next: 71%
Magic:  3/3        EV: 12    Int: 10    God:
Gold:   40         SH:  0    Dex: 13    Spells: 2/2 levels left

rFire   . . .      SeeInvis .    h - +0 long sword
rCold   . . .      Faith    .    (no shield)
rNeg    . . .      Spirit   .    b - +2 leather armour
rPois   .          Reflect  .    m - +0 helmet
rElec   .          Harm     .    (no cloak)
rCorr   .          Rampage  .    (no gloves)
Will    .....                    (no boots)
Stlth   +                        (no amulet)
HPRegen 0.25/turn                (no ring)
MPRegen 0.08/turn                (no ring)

@: no status effects
A: powered by death 1, claws 1
a: no special abilities


You were on level 2 of the Dungeon.
You visited 1 branch of the dungeon, and saw 2 of its levels.

You collected 40 gold pieces.

Inventory:

Hand Weapons
 a - a +1 hand axe
 g - a +1 dagger of speed
 h - a +0 long sword (weapon)
Missiles
 n - 3 silver boomerangs (quivered)
Armour
 b - a +2 leather armour (worn)
 e - a +0 chain mail
 i - a +0 helmet
 m - a +0 helmet (worn)
Magical Staves
 d - a staff of earth
Scrolls
 c - a scroll of silence
 j - a scroll of identify {unknown}
 k - 2 scrolls of teleportation {unknown}
 o - a scroll of fog {unknown}
 p - a scroll of torment {unknown}
Potions
 f - 2 potions of might {unknown}
 l - a potion of degeneration {unknown}


   Skills:
 + Level 4.5 Fighting
 + Level 1.1 Long Blades
 + Level 2.0 Axes
 + Level 1.5 Armour
 + Level 3.0 Dodging
 + Level 0.1 Stealth


You had 2 spell levels left.
You didn't know any spells.
Your spell library contained the following spells:

 Spells                   Type           Power      Damage    Failure   Level
 Foxfire                  Conj/Fire      0%         2x1d4     43%         1
 Fireball                 Conj/Fire      0%         3d3       100%        5
 Starburst                Conj/Fire      0%         6d3       100%        6


Dungeon Overview and Level Annotations

Branches:
Dungeon (2/15)

Altars:

Shops:
D:2 (

Annotations:
D:2 Jessica


Innate Abilities, Weirdness & Mutations

You regenerate a little health from kills.
You have sharp fingernails.


Message History

You slash the adder!
The adder is heavily wounded.
The adder misses you. The adder bites you but does no damage.
You barely miss the adder.
The adder is heavily wounded.
The adder bites you but does no damage. The adder bites you.
You closely miss the adder.
The adder is heavily wounded.
The adder bites you but does no damage. Jessica gestures at you while chanting.
Pain shoots through your body!
You hit the adder.
You kill the adder!
Jessica casts a spell.
Jessica blinks!
Your Dodging skill increases to level 3!
You see here 2 stones.
Jessica hits you with a +0 dagger. x2
Jessica gestures at you while chanting. Pain shoots through your body!
You hit Jessica.
Jessica is moderately wounded.
Jessica closely misses you. Jessica misses you.
You barely miss Jessica.
Jessica is moderately wounded.
Jessica hits you with a +0 dagger.
Jessica points at you and mumbles some strange words.
Pain shoots through your body!
* * * LOW HITPOINT WARNING * * *
You barely miss Jessica.
Jessica is moderately wounded.
Jessica hits you with a +0 dagger.
* * * LOW HITPOINT WARNING * * *
Jessica hits you but does no damage.
You closely miss Jessica.
Jessica is moderately wounded.
Jessica hits you with a +0 dagger.
* * * LOW HITPOINT WARNING * * *
Jessica hits you with a +0 dagger.
You die...

#.###....# .# # #.#
#.##.########.#.# #.#
#.##.##.........# #
#.###.##.##.##.......
#####.#..................
......#......##..........
......#..........(.......
......#.........@........
####..####...##.@..####..
##.####...............
#...............####.
#.........##....#
#.)####....#....###
#.................
#...............##
#........#.#....#
##.....†##.#....###.


You could see Jessica (fast).

Vanquished Creatures
  2 adders (D:2)
  5 ball pythons
  7 endoplasms
  2 giant cockroaches
  2 goblins (D:2)
  2 hobgoblins (D:2)
  4 jackals (D:2)
  3 bats
  2 frilled lizards
  3 kobolds (D:1)
  3 rats
35 creatures vanquished.

Notes
Turn   | Place    | Note
-------+----------+-------------------------------------------
     0 | D:1      | Citaku the Demonspawn Wanderer began the quest for the Orb.
     0 | D:1      | Citaku set off with the following items: a +1 hand axe, a
                  | +2 leather armour, a scroll of silence.
     0 | D:1      | Reached XP level 1. HP: 19/19 MP: 1/1
   130 | D:1      | Gained mutation: You have sharp fingernails. [potion of
                  | mutation]
   413 | D:1      | Gained mutation: You regenerate a little health from kills.
                  | [demonic ancestry]
   413 | D:1      | Reached XP level 2. HP: 18/25 MP: 2/2
   827 | D:2      | Reached XP level 3. HP: 31/31 MP: 3/3
  1122 | D:2      | Found Sun Rank's Antique Weapon Boutique.
  1377 | D:2      | Reached skill level 1 in Long Blades
  1450 | D:2      | Noticed Jessica
  1463 | D:2      | HP: 1/31 [Jessica/+0 dagger (3)]
  1463 | D:2      | Slain by Jessica

Illustrated notes

Levels and vault maps discovered:
D:1:      nagdon_arrival_double_spiral, layout_loops_cross, minivault_4
D:2:      layout_basic, serial_shops, shop, uniq_jessica,
          uniq_crazy_yiuf_cottage

Skill      XL: |  1  2  3 |
---------------+----------+-----
Axes           | 2 |  2.0
Long Blades    | 1 |  1.1
Dodging        | 3 |  3.0
Fighting       | |  4.5
Armour         | |  1.5
Stealth        | |  0.1

Action                   || total
-------------------------++-------
Melee: Hand axe          ||    21
       Long sword        ||    96
       Dagger            ||     3
  Use: Potion            ||     3
 Stab: Sleeping          ||     2
Armor: Leather armour    ||    85
Dodge: Dodged            ||   150

Table legend: (Time is in decaauts)
 A = Elapsed time spent in this place.
 B = Non-inter-level travel time spent in this place.
 C = Inter-level travel time spent in this place.
 D = Time resting spent in this place.
 E = Time spent auto-exploring this place.
 F = Levels seen in this place.
 G = Mean time per level.
                   A        B        C        D        E       F      G
               +--------+--------+--------+--------+--------+-----+--------+
         Total |   1502 |   1502 |      0 |     47 |      4 |   2 |  751.0 |
       Dungeon |   1502 |   1502 |      0 |     47 |      4 |   2 |  751.0 |
               +--------+--------+--------+--------+--------+-----+--------+

Top non-repeatable levels by time:
     D:2: 811 daAuts
     D:1: 691 daAuts
